 Dungeon Crawl Stone Soup version 0.30.1-3-gfc49f6343a (webtiles) character file.

Game seed: 8043916189322412256

113 Zeor the Cudgeller (level 4, 0/29 HPs)
             Began as a Gargoyle Monk on July 28, 2023.
             Slain by a goblin
             ... wielding a +0 club
             ... led by Robin
              (6 damage)
             ... on level 4 of the Dungeon.
             The game lasted 00:04:48 (2368 turns).

Zeor the Cudgeller (Gargoyle Monk)                  Turns: 2368, Time: 00:04:48

Health: 0/29       AC: 13    Str: 23    XL:     4   Next: 96%
Magic:  4/4        EV: 12    Int: 10    God:
Gold:   114        SH:  0    Dex: 12    Spells: 3/3 levels left

rFire   . . .        a - +0 mace
rCold   . . .        d - orb {light}
rNeg    + . .        i - +0 plate armour
rPois   ∞            (no helmet)
rElec   +            (no cloak)
rCorr   .            (no gloves)
SInv    .            (no boots)
Will    .....        (no amulet) Stlth
                     h - +5 ring of evasion
HPRegen 0.24/turn    l - +6 ring of strength
MPRegen 0.09/turn

%: no passive effects
@: glowing
A: sickness immunity, AC +3, negative energy resistance 1, electricity
resistance, torment resistance 1, petrification resistance
a: no special abilities


You were on level 4 of the Dungeon.
You visited 1 branch of the dungeon, and saw 4 of its levels.

You collected 114 gold pieces.

Inventory:

Hand Weapons
 a - a +0 mace (weapon)
Armour
 d - an orb of light (worn)
 i - a +0 plate armour (worn)
Jewellery
 h - a +5 ring of evasion (left hand)
 l - a +6 ring of strength (right hand)
 m - a ring of positive energy
Wands
 b - a wand of paralysis (7)
 g - a wand of flame (19)
 n - a wand of quicksilver (10)
Potions
 c - a potion of ambrosia
 e - a potion of magic
 f - a potion of curing
 k - a potion of brilliance {unknown}
 p - a potion of heal wounds {unknown}


   Skills:
 + Level 3.9 Fighting
 + Level 4.2 Maces & Flails
 + Level 0.8 Armour
 + Level 3.2 Dodging
 + Level 0.2 Stealth


You had 3 spell levels left.
You didn't know any spells.
Your spell library contained the following spells:

 Spells                   Type           Power      Damage    Failure   Level
 Magic Dart               Conj           0%         1d3       100%        1
 Call Imp                 Summ           0%         N/A       100%        2
 Lesser Beckoning         Tloc           0%         N/A       100%        2
 Gell's Gravitas          Tloc           0%         N/A       100%        3
 Mephitic Cloud           Conj/Pois/Air  0%         N/A       100%        3
 Stone Arrow              Conj/Erth      0%         3d7       100%        3
 Teleport Other           Tloc           0%         N/A       100%        3
 Animate Armour           Summ/Erth      0%         N/A       100%        4
 Lehudib's Crystal Spear  Conj/Erth      0%         10d2      100%        8


Dungeon Overview and Level Annotations

Branches:
Dungeon (4/15)
 Temple: D:4-7

Altars:

Annotations:
D:3 1 runed translucent door, OlManJenkins's ghost, amateur HuRe
D:4 Robin


Innate Abilities, Weirdness & Mutations

You are immune to sickness and miasma.
Your stone body is resilient. (AC +3)
You are immune to poison.
You resist negative energy. (rN+)
You are resistant to electric shocks. (rElec)
You are resistant to unholy torment.
You are immune to petrification.


Message History

The goblin barely misses you. The goblin hits you but does no damage.
The goblin closely misses you.
You sock the goblin!
You kill the goblin!
The goblin closely misses you.
The goblin hits you but does no damage. x2
The goblin closely misses you.
You hit the goblin.
The goblin is severely wounded.
The goblin barely misses you. The goblin hits you but does no damage.
The goblin misses you. The goblin barely misses you.
The goblin hits you but does no damage. The goblin barely misses you. x2
The goblin misses you. Robin throws the goblin at you!
The goblin barely misses you. x2; The goblin hits you with a +0 club.
You barely miss the goblin.
The goblin is severely wounded.
The goblin hits you but does no damage. The goblin barely misses you.
The goblin hits you but does no damage. The goblin misses you.
The goblin hits you with a +0 club. The goblin hits you with a +0 dagger.
You can't go up here!
The goblin attacks as you move away! The goblin closely misses you.
The goblin attacks as you move away! The goblin barely misses you.
Robin throws the goblin at you! The goblin hits you but does no damage.
The goblin barely misses you. The goblin misses you.
The goblin hits you but does no damage. The goblin hits you with a +0 dagger.
You aren't carrying any scrolls.
You hit the goblin.
You kill the goblin!
The goblin hits you but does no damage. x2; The goblin closely misses you.
The goblin barely misses you. The goblin hits you but does no damage.
You hit the goblin.
You kill the goblin!
The goblin hits you with a +0 dagger.
* * * LOW HITPOINT WARNING * * *
The goblin hits you but does no damage. Robin throws the goblin at you!
The goblin hits you but does no damage. x3
Unknown command.
The goblin attacks as you move away! The goblin hits you with a +0 dagger.
* * * LOW HITPOINT WARNING * * *
The goblin attacks as you move away! The goblin hits you with a +0 club.
You die... ∙∙∙ ∙∙∙∙

∙∙∙▒▒▒▒▒▒■▒▒▒▒
∙∙∙∙∙∙$∙∙∙∙∙∙▒
▒∙∙∙∙)∙gg∙∙▒
▒∙∙∙∙gg9g∙∙▒
▒∙∙∙∙∙)g∙∙∙▒
▒∙∙∙<∙∙∙∙∙∙▒
▒∙∙∙∙∙∙∙∙∙∙∙∙▒
(∙∙∙∙∙▒▒▒▒■▒▒▒▒


∙∙∙∙∙∙ ∙∙∙∙∙ ∙∙∙∙∙ ▒▒▒∙ You could see Robin and 5 goblins.

Vanquished Creatures
  A hound (D:3)
  3 adders
  4 dart slugs
  An orc (D:3)
  5 ball pythons
  2 endoplasms (D:2)
  A giant cockroach (D:3)
  6 goblins
  6 hobgoblins
  6 quokkas
  3 bats (D:1)
  2 frilled lizards
  6 kobolds
  2 rats (D:1)
48 creatures vanquished.

Notes
Turn   | Place    | Note
-------+----------+-------------------------------------------
     0 | D:1      | Zeor the Gargoyle Monk began the quest for the Orb.
     0 | D:1      | Reached XP level 1. HP: 14/14 MP: 1/1
   110 | D:1      | Reached XP level 2. HP: 19/19 MP: 2/2
   477 | D:1      | Reached XP level 3. HP: 24/24 MP: 3/3
  1409 | D:3      | Reached XP level 4. HP: 29/29 MP: 4/4
  1619 | D:3      | Reached skill level 4 in Maces & Flails
  1832 | D:3      | Found a runed translucent door.
  1838 | D:3      | Noticed OlManJenkins's ghost (amateur HuRe)
  2354 | D:4      | Noticed Robin
  2368 | D:4      | Slain by a goblin

Illustrated notes

Levels and vault maps discovered:
D:1:      lemuel_arrival_hallway, layout_loops_ring
D:2:      layout_loops_ring, kennysheep_nub
D:3:      layout_basic, ebering_ghost_sewer_d
D:4:      layout_basic, hangedman_decor_growths, minmay_liquid_box,
          nicolae_concentric_dashed_squares_wild, serial_bayou_pond_a,
          chequers_serial_rivers_large_a, uniq_robin, uniq_sigmund

Skill      XL: |  1  2  3  4 |
---------------+-------------+-----
Dodging        | 3 |  3.2
Maces & Flails | 4 |  4.2
Fighting       | |  3.9
Armour         | |  0.8
Stealth        | |  0.2

Action                     |  1- 3 |  4- 6 || total
---------------------------+-------+-------++-------
  Melee: Mace              |    84 |    37 ||   121
  Throw: Javelin           |       |     2 ||     2
    Use: Scroll            |     4 |     1 ||     5
 Armour: Robe              |    27 |       ||    27
         Plate armour      |     4 |    37 ||    41
  Dodge: Dodged            |    72 |    41 ||   113
